Map: Nightshade LE

Players

AlexUA - Winner!

  • Race: Zerg Zerg
  • Spawn Location: 5:00

RuFF

  • Race: Terran Terran
  • League: Master
  • Spawn Location: 11:00

VOD

Have the link to the VOD?

Description

Time

  • Played on: Dec. 15, 2019, 10:26 a.m.
  • Length: 8:06
Show
View Real Time Build Order
Export as new Build Order

AlexUA Zerg - Winner!

Build Orders: Pool First, Muta Ling Bane 

Get SALT Encoding   

  12  0:01  Drone  
  13  0:13  Overlord  
  13  0:16  Drone  
  14  0:31  Drone x2  
  16  0:55  Drone  
  17  0:58  Spawning Pool, Drone  
  17  0:59  Extractor, Drone  
  17  1:07  Drone  
  18  1:20  Drone  
  19  1:30  Drone  
  20  1:37  Hatchery  
  19  1:46  Queen  
  21  1:51  Roach Warren  
  20  1:56  Overlord  
  20  2:00  Drone  
  21  2:30  Roach  
  21  2:31  Roach x2  
  27  2:38  Queen  
  27  2:42  Overlord  
  29  2:49  Queen  
  29  2:50  Drone  
  32  2:52  Drone  
  32  2:57  Drone x2  
  32  2:58  Drone  
  36  3:00  Drone  
  39  3:05  Ravager x2  
  39  3:07  Drone  
  39  3:11  Drone  
  41  3:14  Ravager  
  41  3:15  Drone  
  43  3:22  Drone  
  44  3:33  Overlord  
  44  3:53  Drone x3  
  47  3:59  Drone x3  
  47  4:00  Overlord  
  47  4:01  Drone  
  51  4:09  Overlord, Hatchery  
  50  4:10  Metabolic Boost  
  50  4:17  Drone  
  50  4:18  Drone  
  50  4:21  Extractor  
  51  4:26  Drone x2  
  51  4:29  Lair  
  53  4:32  Drone x3  
  53  4:35  Drone  
  53  4:36  Queen  
  53  4:37  Extractor  
  53  4:38  Overlord  
  58  4:42  Drone x3  
  58  4:44  Extractor, Drone  
  61  4:50  Drone  
  62  4:56  Overlord  
  62  5:00  Drone  
  62  5:03  Evolution Chamber  
  62  5:04  Drone x3  
  65  5:11  Zergling x2  
  66  5:16  Overlord  
  66  5:18  Zergling x6  
  69  5:21  Zergling x2  
  69  5:26  Drone, Spire, Overseer  
  70  5:29  Zerg Ground Armor Level 1  
  70  5:31  Zergling x8  
  70  5:34  Drone  
  75  5:41  Drone x4  
  75  5:42  Zergling x4  
  81  5:51  Drone, Baneling Nest  
  81  5:54  Zergling x4  
  83  5:58  Zergling x6  
  83  6:02  Spine Crawler  
  84  6:04  Zergling x4  
  84  6:05  Spine Crawler  
  84  6:06  Spine Crawler  
  84  6:08  Zergling x4  
  84  6:10  Zergling x4  
  88  6:12  Zergling x2  
  86  6:27  Zergling x8  
  86  6:28  Zergling x8  
  86  6:30  Drone x2  
  92  6:33  Extractor  
  92  6:34  Extractor, Centrifical Hooks  
  92  6:38  Overlord  
  92  6:39  Overlord x2  
  88  7:00  Mutalisk x6  
  88  7:01  Mutalisk x2  
  101  7:18  Overlord  
  101  7:19  Mutalisk x2  
  105  7:32  Drone x7  
  105  7:36  Hatchery, Spore Crawler  
  110  7:38  Drone  
  110  7:40  Drone, Spore Crawler  
  110  7:42  Spore Crawler  
Show
View Real Time Build Order
Export as new Build Order

RuFF Terran 

Build Orders: 2 Factory 

Get SALT Encoding   

  12  0:00  SCV  
  13  0:12  SCV  
  14  0:22  Supply Depot  
  14  0:25  SCV  
  15  0:30  Refinery  
  15  0:48  Barracks  
  16  0:53  Engineering Bay  
  16  0:56  SCV  
  16  1:08  SCV  
  17  1:21  SCV  
  18  1:36  Barracks Reactor  
  18  1:39  Orbital Command  
  18  1:52  Command Center  
  18  2:03  Factory  
  18  2:10  SCV  
  18  2:13  Marine  
  20  2:16  Marine  
  20  2:22  Supply Depot  
  21  2:31  Marine  
  21  2:34  Marine  
  24  2:44  Supply Depot, SCV  
  24  2:53  Marine x2  
  24  2:56  SCV  
  27  2:59  Factory Tech Lab  
  27  3:03  Factory  
  27  3:09  Orbital Command  
  27  3:11  Marine  
  28  3:14  Marine  
  28  3:18  SCV  
  30  3:26  Siege Tank  
  33  3:31  Refinery  
  33  3:33  SCV  
  34  3:39  Marine  
  36  3:46  Marine  
  35  3:50  SCV  
  32  4:04  Marine  
  33  4:17  Siege Tank  
  33  4:19  SCV x2  
  33  4:21  Refinery  
  33  4:22  Refinery  
  39  4:26  Factory Reactor  
  38  4:31  SCV  
  38  4:33  SCV  
  38  4:34  Barracks Reactor  
  40  4:43  SCV  
  40  4:45  SCV  
  42  4:52  Supply Depot  
  42  4:54  Siege Tank  
  42  4:55  SCV  
  42  4:57  SCV  
  47  5:03  Supply Depot  
  47  5:07  SCV  
  47  5:09  SCV, Hellion x2  
  47  5:10  Marine  
  47  5:13  Marine  
  47  5:14  Armory  
  55  5:18  Supply Depot  
  55  5:19  SCV  
  56  5:21  SCV  
  56  5:26  Siege Tank  
  56  5:28  Marine  
  61  5:30  Hellion  
  61  5:31  Marine, Hellion  
  61  5:34  Starport  
  66  5:37  SCV  
  67  5:52  Marine x2  
  69  6:03  Hellion x3  
  75  6:10  Marine x2  
  70  6:28  Hellion x3  
  70  6:30  Starport Tech Lab  
  57  6:33  Fusion Core  
  57  6:35  Starport  
  57  6:36  Marine  
  57  6:37  Marine  
  57  6:38  SCV  
  54  6:48  SCV  
  54  6:49  Siege Tank  
  53  7:14  Starport Tech Lab  
  50  7:27  SCV x2  
  64  7:46  SCV  
  65  7:53  SCV  
Tags
 
Add a new tag
Caveats
  • Supply blocks, unpowered buildings, or Contaminate may cause inaccurate times.
  • Supply counts are checked every 10 seconds.